 Seeded DCSS version 0.30-a0-596-g0af90f9a20 (webtiles) character file.

Game seed: 11958781473241049316 (custom seed)

24 Juicyj the Covered (level 2, -3/27 HPs)
             Began as a Minotaur Fighter on Jan 6, 2023.
             Slain by a gnoll
             ... wielding a +0 flail
              (8 damage)
             ... on level 2 of the Dungeon.
             The game lasted 00:00:18 (150 turns).

Juicyj the Covered (Minotaur Fighter)                Turns: 150, Time: 00:00:18

Health: -3/27      AC:  7    Str: 20    XL:     2   Next: 79%
Magic:  1/1        EV:  5    Int:  5    God:
Gold:   9          SH:  0    Dex:  9    Spells: 1/1 levels left

rFire   . . .      SeeInvis .    a - +0 trident
rCold   . . .      Faith    .    c - +0 buckler
rNeg    . . .      Spirit   .    b - +0 scale mail
rPois   .          Reflect  .    (helmet restricted)
rElec   .          Harm     .    (no cloak)
rCorr   .          Rampage  .    (no gloves)
Will    .....                    (no boots) Stlth
                                 (no amulet)
HPRegen 0.24/turn                (no ring)
MPRegen 0.07/turn                (no ring)

@: held
A: horns 2, retaliatory headbutt
a: no special abilities


You were on level 2 of the Dungeon.
You visited 1 branch of the dungeon, and saw 2 of its levels.

You collected 9 gold pieces.

Inventory:

Hand Weapons
 a - a +0 trident (weapon)
Armour
 b - a +0 scale mail (worn)
 c - a +0 buckler (worn)
Scrolls
 e - a scroll of torment {unknown}
Potions
 d - a potion of might


   Skills:
 + Level 4.0 Fighting
 + Level 2.9 Polearms
 + Level 4.0 Armour
 + Level 4.0 Shields


You had one spell level left.
You didn't know any spells.
Your spell library was empty.

Dungeon Overview and Level Annotations

Branches:
Dungeon (2/15)

Altars:


Innate Abilities, Weirdness & Mutations

You have a pair of horns on your head.
You reflexively headbutt those who attack you in melee.


Message History

You barely miss the goblin. Your headbutt misses the goblin.
The goblin hits you with a +0 club. You block the goblin's attack.
A hobgoblin comes into view.
The goblin misses you. The goblin hits you but does no damage.
A gnoll comes into view. It is wielding a +0 spear.
The hobgoblin moves out of view.
You puncture the goblin!
You kill the goblin!
A gnoll comes into view. It is wielding a +0 flail.
The gnoll hits you from afar with a +0 spear.
The goblin hits you with a +0 club.
Your Fighting skill increases to level 4!
Your Shields skill increases to level 4!
You hit the hobgoblin.
You kill the hobgoblin!
The gnoll barely misses you. The goblin closely misses you.
You hit the goblin. Your headbutt misses the goblin.
The goblin is moderately wounded.
The gnoll hits you from afar with a +0 spear.
You block the goblin's attack.
You puncture the goblin!
You kill the goblin!
You block the gnoll's attack.
The gnoll hits you from afar with a +0 spear.
You puncture the gnoll!
The gnoll is severely wounded.
The gnoll hits you with a +0 flail. The gnoll hits you but does no damage.
The gnoll hits you with a +0 flail.
A gnoll comes into view. It is wielding a +0 flail.
The gnoll throws a throwing net.
The throwing net hits you.
You become entangled in the net!
You are too injured to fight recklessly!
You are too injured to fight recklessly!
You struggle against the net.
The gnoll shouts!
The gnoll hits you from afar with a +0 spear.
The gnoll hits you with a +0 flail.
* * * LOW HITPOINT WARNING * * *
You struggle against the net.
The gnoll hits you with a +0 flail!
You die...

########
..#...
#....###
####....g.
#....))g#
#@# #)#
#.g ####


You could see 3 gnolls.

Vanquished Creatures
  A gnoll (D:2)
  An endoplasm (D:1)
  5 goblins
  2 hobgoblins
  A kobold (D:1)
  A quokka (D:1)
  A bat (D:1)
12 creatures vanquished.

Notes
Turn   | Place    | Note
-------+----------+-------------------------------------------
     0 | D:1      | Juicyj the Minotaur Fighter began the quest for the Orb.
     0 | D:1      | Reached XP level 1. HP: 19/19 MP: 0/0
    79 | D:1      | Reached XP level 2. HP: 27/27 MP: 1/1
   150 | D:2      | Slain by a gnoll

Illustrated notes

Levels and vault maps discovered:
D:1:      lightli_arrival_chessboard, layout_loops_ring
D:2:      layout_loops_cross, kennysheep_crisscross

Skill      XL: |  1  2 |
---------------+-------+-----
Armour         | 4 |  4.0
Fighting       | 4 |  4.0
Shields        | 4 |  4.0
Polearms       | |  2.9

Action                   || total
-------------------------++-------
Melee: Trident           ||    29
       Headbutt          ||     3
Armor: Scale mail        ||    11
Dodge: Dodged            ||     8
Block: Buckler           ||     9

Table legend: (Time is in decaauts)
 A = Elapsed time spent in this place.
 B = Non-inter-level travel time spent in this place.
 C = Inter-level travel time spent in this place.
 D = Time resting spent in this place.
 E = Time spent auto-exploring this place.
 F = Levels seen in this place.
 G = Mean time per level.
                   A        B        C        D        E       F      G
               +--------+--------+--------+--------+--------+-----+--------+
         Total |    155 |    155 |      0 |      0 |     95 |   2 |   77.5 |
       Dungeon |    155 |    155 |      0 |      0 |     95 |   2 |   77.5 |
               +--------+--------+--------+--------+--------+-----+--------+

Top non-repeatable levels by time:
     D:1: 141 daAuts
     D:2: 14 daAuts
